 Dungeon Crawl Stone Soup version 0.30-a0-364-gf6b3ef1049 (webtiles) character file.

Game seed: 1439617637609784133

456329 jfcaron the Fetichist (level 24, -1/186 (195) HPs)
             Began as a Gnoll Reaver on Nov 11, 2022.
             Was an Initiate of Gozag.
             Killed from afar by a Tzitzimitl (10 damage)
             ... with a bolt of negative energy
             ... called by a doom hound
             ... on level 2 of the Crypt on Nov 15, 2022.
             The game lasted 04:38:18 (63854 turns).

jfcaron the Fetichist (Gnoll Reaver)               Turns: 63854, Time: 04:38:21

HP:   -1/186 (195)  AC: 21    Str: 28      XL:     24   Next: 7%
MP:   29/53         EV: 27    Int: 18 (20) God:    Gozag
Gold: 11475         SH: 22    Dex: 28      Spells: 17/57 levels left

rFire   + . .      SeeInvis +    a - +3 broad axe "Kiecruge" {vorpal, rC+ MP+9 Int+4}
rCold   + + +      Faith    .    Q - +0 kite shield {rC+}
rNeg    + . .      Spirit   .    j - +0 ring mail of the Dungeon {rElec Str+8 Int-4 Dex+4}
rPois   +          Reflect  +    q - +2 helmet {SInv}
rElec   +          Harm     .    n - +3 cloak "Telosinn" {+Blink rPois Int+3}
rCorr   +          Rampage  .    m - +0 pair of gloves of Sisiotso {rC+ Int+5}
Will    +....                    r - +1 pair of boots
Stlth   +++++++...               M - amulet of reflection
HPRegen 0.51/turn                t - ring of positive energy
MPRegen 0.33/turn                G - ring "Ceant" {rPois rF+ rCorr Str-3 Dex+10}

@: gold aura, slowed, studying 5 skills, lightly drained, very slow
A: fangs 1, strong nose, distributed training, deterioration 1, strong 1
}: 3/15 runes: serpentine, barnacled, abyssal
a: Renounce Religion, Evoke Blink, Potion Petition, Call Merchant, Bribe Branch


You were on level 2 of the Crypt.
You worshipped Gozag.
Gozag was extremely pleased with you.
You visited 9 branches of the dungeon, and saw 41 of its levels.
You visited the Abyss 1 time.
You visited 1 bazaar.
You also visited: Ossuary and Ice Cave.

You collected 22713 gold pieces.
You spent 11152 gold pieces at shops.
You paid 86 gold pieces to Gozag.

Inventory:

Hand Weapons
 a - the +3 broad axe "Kiecruge" (weapon) {vorpal, rC+ MP+9 Int+4}
   (You found it on level 4 of the Shoals)

   It inflicts extra damage upon your enemies.
   Int:       It affects your intelligence (+4).
   rC:        It protects you from cold.
   MP:        It affects your magic capacity (+9).
 b - the +10 rapier of Doubt {flame, Dex+3}
   (You bought it in a shop in a bazaar)

   It burns those it strikes, dealing additional fire damage.
   Dex:       It affects your dexterity (+3).
Missiles
 p - 3 datura-tipped darts (quivered) {!f}
 u - 3 boomerangs of dispersal {!f}
 w - 11 silver javelins {!f}
 I - 22 curare-tipped darts {!f}
 O - 8 throwing nets {!f}
 W - 16 atropa-tipped darts {!f}
 Y - 7 javelins
Armour
 j - the +0 ring mail of the Dungeon (worn) {rElec Str+8 Int-4 Dex+4}
   (You found it on level 11 of the Dungeon)

   Str:       It affects your strength (+8).
   Int:       It affects your intelligence (-4).
   Dex:       It affects your dexterity (+4).
   rElec:     It insulates you from electricity.
 m - the +0 pair of gloves of Sisiotso (worn) {rC+ Int+5}
   (You found it in an ice cave)

   Int:       It affects your intelligence (+5).
   rC:        It protects you from cold.
 n - the +3 cloak "Telosinn" (worn) {+Blink rPois Int+3}
   (You found it on level 1 of the Elven Halls)

   Int:       It affects your intelligence (+3).
   rPois:     It protects you from poison.
   +Blink:    It lets you blink.
 q - a +2 helmet of see invisible (worn)
 r - a +1 pair of boots (worn)
 Q - a +0 kite shield of cold resistance (worn)
Jewellery
 k - the ring of Due Proportion {rF+ Int+2 Slay+5 SInv}
   (You found it on level 14 of the Dungeon)

   [ring of see invisible]

   Int:       It affects your intelligence (+2).
   Slay:      It affects your accuracy & damage with ranged weapons and melee
   (+5).
   rF:        It protects you from fire.
   SInv:      It lets you see invisible.
 t - a ring of positive energy (left hand)
 G - the ring "Ceant" (right hand) {rPois rF+ rCorr Str-3 Dex+10}
   (You acquired it on level 10 of the Dungeon)

   [ring of protection from fire]

   Str:       It affects your strength (-3).
   Dex:       It affects your dexterity (+10).
   rF:        It protects you from fire.
   rPois:     It protects you from poison.
   rCorr:     It protects you from acid and corrosion.
 M - an amulet of reflection (around neck)
Wands
 H - a wand of mindburst (7)
 K - a wand of iceblast (34)
 N - a wand of charming (18)
 S - a wand of digging (11)
 V - a wand of light (21)
Scrolls
 c - 25 scrolls of teleportation
 g - 2 scrolls of blinking
 h - 3 scrolls of magic mapping
 s - 6 scrolls of immolation
 y - 9 scrolls of silence
 B - 4 scrolls of poison
 D - 4 scrolls of summoning
 E - 5 scrolls of vulnerability
 J - 7 scrolls of fear
 Z - 9 scrolls of butterflies
Potions
 d - 27 potions of curing
 e - 7 potions of heal wounds
 f - 3 potions of invisibility
 i - 5 potions of resistance
 x - 5 potions of brilliance
 z - 4 potions of cancellation
 A - 9 potions of attraction
 C - 9 potions of haste
 L - 11 potions of lignification
 P - a potion of ambrosia
 R - 4 potions of magic
 T - 9 potions of might
Miscellaneous
 l - a condenser vane (inert)
 o - a lightning rod (1/4)
 F - a tin of tremorstones (inert)
 U - a phantom mirror (inert)
 X - a box of beasts (inert)


   Skills:
 + Level 17.1 Fighting
 + Level 16.5 Short Blades
 + Level 18.9 Long Blades
 + Level 16.5 Axes
 + Level 16.5 Maces & Flails
 + Level 17.6 Polearms
 + Level 16.5 Staves
 + Level 16.5 Ranged Weapons
 + Level 18.9 Throwing
 + Level 16.5 Armour
 + Level 17.1 Dodging
 + Level 18.9 Stealth
 + Level 16.5 Shields
 + Level 16.5 Unarmed Combat
 + Level 17.2 Spellcasting
 + Level 15.0 Conjurations
 + Level 14.0 Hexes
 + Level 14.0 Summonings
 + Level 14.0 Necromancy
 + Level 14.0 Translocations
 + Level 14.0 Transmutations
 + Level 14.5 Fire Magic
 + Level 14.0 Ice Magic
 + Level 14.0 Air Magic
 + Level 14.0 Earth Magic
 + Level 14.0 Poison Magic
 + Level 17.9 Invocations
 + Level 20.1 Evocations


You had 17 spell levels left.
You knew the following spells:

 Your Spells              Type           Power      Damage    Failure   Level
a - Kiss of Death         Conj/Necr      100%       2d13      1%          1
b - Blink                 Tloc           100%       N/A       1%          2
c - Wereblood             Tmut           60%        N/A       1%          2
d - Hailstorm             Conj/Ice       61%        3d13      1%          3
e - Frozen Ramparts       Ice            100%       1d16      1%          3
f - Apportation           Tloc           100%       N/A       1%          1
g - Necrotise             Necr           100%       1d9       1%          1
h - Tukima's Dance        Hex            60%        N/A       1%          3
i - Summon Lightning Spi  Summ/Air       60%        N/A       1%          4
j - Borgnjor's Vile Clut  Necr/Erth      30%        N/A       1%          5
k - Summon Mana Viper     Hex/Summ       60%        N/A       1%          5
l - Yara's Violent Unrav  Hex/Tmut       30%        3d13      1%          5
m - Freezing Cloud        Conj/Ice/Air   30%        6-21      1%          5

Your spell library contained the following spells:

 Spells                   Type           Power      Damage    Failure   Level
 Beastly Appendage        Tmut           100%       N/A       1%          1
 Freeze                   Ice            100%       1d10      1%          1
 Summon Small Mammal      Summ           100%       N/A       1%          1
 Momentum Strike          Conj/Tloc      100%       3d10      1%          2
 Sublimation of Blood     Necr           60%        N/A       1%          2
 Gell's Gravitas          Tloc           60%        N/A       1%          3
 Ignite Poison            Fire/Tmut/Pois 61%        N/A       1%          3
 Kindle Blastsparks       Fire/Tloc/Air  100%       2d18      1%          3
 Lesser Beckoning         Tloc           100%       N/A       1%          3
 Ozocubu's Armour         Ice            60%        N/A       1%          3
 Spider Form              Tmut/Pois      60%        N/A       1%          3
 Teleport Other           Tloc           60%        N/A       1%          3
 Airstrike                Air            30%        2d(5-21)  1%          4
 Cause Fear               Hex            30%        N/A       1%          4
 Fulminant Prism          Conj/Hex       30%        3d15      1%          4
 Iskenderun's Mystic Bla  Conj/Tloc      61%        2d13      1%          4
 Manifold Assault         Tloc           60%        N/A       1%          4
 Olgreb's Toxic Radiance  Pois           60%        N/A       1%          4
 Passage of Golubria      Tloc           60%        N/A       1%          4
 Sticky Flame             Conj/Fire      62%        2d8       1%          4
 Alistair's Intoxication  Tmut/Pois      40%        N/A       1%          5
 Blade Hands              Tmut           30%        N/A       1%          5
 Irradiate                Conj/Tmut      30%        3d21      1%          5
 Lee's Rapid Deconstruct  Erth           30%        3d16*     1%          5
 Lightning Bolt           Conj/Air       30%        1d47      1%          5
 Metabolic Englaciation   Hex/Ice        30%        N/A       1%          5
 Summon Forest            Summ/Tloc      30%        N/A       1%          5
 Dispersal                Tloc           30%        N/A       3%          6
 Eringya's Noxious Bog    Tmut/Pois      30%        N/A       3%          6
 Statue Form              Tmut/Erth      40%        N/A       3%          6
 Summon Cactus Giant      Summ           30%        N/A       3%          6
 Dragon Form              Tmut           30%        N/A       22%         7
 Ozocubu's Refrigeration  Ice            30%        4d14      22%         7
 Storm Form               Tmut/Air       30%        N/A       22%         7
 Summon Hydra             Summ           30%        N/A       22%         7
 Ignition                 Fire           30%        3d10      80%         8
 Dragon's Call            Summ           30%        N/A       100%        9
 Polar Vortex             Ice            30%        N/A       100%        9
 Simulacrum               Ice/Necr       Unusable   N/A       N/A         6

Dungeon Overview and Level Annotations

Branches:
Dungeon (15/15)            Temple (1/1) D:4            Lair (5/5) D:9
 Shoals (4/4) Lair:2        Snake (4/4) Lair:3        Slime (0/5) Lair:5
    Orc (2/2) D:9             Elf (3/3) Orc:2        Vaults (4/5) D:13
  Crypt (3/3) Vaults:3       Tomb (0/3) Crypt:3      Depths (0/4) D:15
Ossuary (visited)           IceCv (visited)

Altars:
Ashenzari
Cheibriados
Dithmenos
Elyvilon
Fedhas
Gozag
Hepliaklqana
Kikubaaqudgha
Makhleb
Nemelex Xobeh
Okawaru
Qazlal
Ru
Sif Muna
Trog
Uskayaw
Vehumet
Wu Jian
Xom
Yredelemnul
Zin
The Shining One
Jiyva

Shops:
D:8 [   D:9 [(   D:10 ?   D:14 **   D:15 *   Orc:2 **!:   Elf:2 (   Elf:3 ([(
Shoals:1 *   Shoals:2 !(   Snake:2 ?   Vaults:4 =

Annotations:
Crypt:3 Grunn, Zenata


Innate Abilities, Weirdness & Mutations

You have very sharp teeth.
Your uncanny sense of smell can sniff out nearby items.
Your experience applies equally to all skills.
Your body sometimes deteriorates upon taking damage.
Your muscles are strong. (Str +4, Int/Dex -1)


Message History

The Tzitzimitl gestures at you. The bolt of negative energy hits you!!
You partially resist.
You feel drained.
The bolt of negative energy hits the Tzitzimitl.
The Tzitzimitl completely resists.
The Tzitzimitl is struck by lightning.
The Tzitzimitl calls on the powers of darkness!
Your body is wracked with pain!
* * * LOW HITPOINT WARNING * * *
You block the tormentor's attack. x2; You block the Tzitzimitl's attack.
The Tzitzimitl bites you but does no damage.
The Tzitzimitl engulfs you but does no damage.
The Tzitzimitl completely misses you.
You hit the tormentor.
The tormentor is lightly wounded.
You slash the Tzitzimitl! You slice the Tzitzimitl!! You slash the Tzitzimitl!
You block the tormentor's attack. x2; The Tzitzimitl is struck by lightning.
You block the Tzitzimitl's attack. x2; The Tzitzimitl is struck by lightning.
The Tzitzimitl barely misses you. You block the Tzitzimitl's attack.
The Tzitzimitl is struck by lightning.
The Tzitzimitl engulfs you but does no damage.
The Tzitzimitl barely misses you.
You slash the Tzitzimitl!
The Tzitzimitl is almost dead.
You barely miss the Tzitzimitl.
You hit the Tzitzimitl but do no damage.
You hit the tormentor but do no damage. You block the tormentor's attack.
The tormentor hits you but does no damage.
The Tzitzimitl calls on the powers of darkness!
Your body is wracked with pain!
* * * LOW HITPOINT WARNING * * *
The Tzitzimitl is struck by lightning.
The Tzitzimitl calls on the powers of darkness!
Your body is wracked with pain!
* * * LOW HITPOINT WARNING * * *
The tormentor calls on the powers of darkness!
Your body is wracked with pain!
* * * LOW HITPOINT WARNING * * *
The Tzitzimitl gestures at you. The bolt of negative energy hits you!
You partially resist.
You feel drained.
You die...
Your body crumbles into a pile of gold.

#.<.[.....###### ##.......### #
##.........#...####.......#######
##..........................##..
##.............................
#####..............#....#........
#..####............#....###......
.##.####.........?##..#..###.....
###..# ##....§§§§§##..#<.# ##...#
##.# ##...§§1@1##..#..## #####
##.######..§§1§2##..##..#
###...##......§§§§§#..###.##
#.....>..####....§°°§.# ##.##
........## ##..☼§§§..## #..####
#........## ##..§☼☼§..####....##
##........## ##..§.>.§.# ###....
##........## ##..(....# #####
##........# ##......# #


You could see 3 Tzitzimimeh and a tormentor.

Vanquished Creatures
  A dread lich (Crypt:3)
  Bai Suzhen (Shoals:4)
  Nikola (Snake:2)
  5 bone dragons
  3 doom hounds (Crypt:2)
  A Tzitzimitl (Crypt:1)
  Mlioglotl (Shoals:4)
  2 liches
  4 deep elf blademasters
  The ghost of Zuugaigu the Peltast, an adept MiFi of Gozag (Snake:3)
  3 deep elf master archers (Elf:3)
  3 ancient champions
  Kirke (D:13)
  A kraken (Shoals:1)
  7 sphinxes
  A tentacled starspawn (Abyss:3)
  Roxanne (Elf:1)
  Ilsuiw (Shoals:2)
  5 nagarajas (Snake:4)
  A revenant (Crypt:3)
  The ghost of Heluore the Spry, an adept DsGl of Wu Jian (Shoals:1)
  An emperor scorpion (Shoals:3)
  Aizul (Shoals:3)
  Louise (Shoals:2)
  A caustic shrike zombie (Crypt:2)
  13 ghouls
  7 deep elf sorcerers
  A curse skull (Crypt:1)
  8 deep elf elementalists (Elf:3)
  15 vault wardens
  An orc warlord (Vaults:4)
  2 war gargoyles
  8 very ugly things
  A reaper (Crypt:1)
  13 ironbound preservers
  3 stone giants
  8 ironbound thunderhulks
  A green draconian (Abyss:3)
  A vampire knight (Crypt:1)
  4 deep elf demonologists (Elf:3)
  5 deep elf annihilators (Elf:3)
  3 dire elephants (Vaults:2)
  Azrael (D:13)
  An eidolon (Crypt:2)
  3 merfolk javelineers
  16 deep elf death magi
  3 crystal guardians (Vaults:2)
  A mummy priest (Crypt:3)
  12 jiangshi
  3 merfolk impalers
  12 yaktaur captains
  2 ettins
  9 great orbs of eyes
  An entropy weaver (Abyss:3)
  8 vault guards
  Fannar (Orc:1)
  7 deep elf high priests
  Harold (D:9)
  A spriggan zombie (Crypt:2)
  3 hydras
  3 peacekeepers
  2 caustic shrike simulacra (IceCv)
  5 ogre magi
  10 ironbound frosthearts
  A salamander tyrant (Snake:4)
  7 anacondas
  A merfolk avatar (Shoals:2)
  An alligator snapping turtle (Shoals:4)
  19 two-headed ogres
  37 dancing weapons
  11 centaur warriors
  3 death knights
  3 boulder beetles
  A merfolk aquamancer (Shoals:4)
  2 tengu warriors (D:14)
  15 naga warriors
  10 death yaks
  Urug (Lair:1)
  7 vampire magi
  14 satyrs
  A bennu skeleton (Crypt:2)
  A soul eater (Crypt:1)
  5 shock serpents
  An orc high priest (Elf:3)
  9 thrashing horrors
  A storm dragon zombie (Crypt:2)
  3 salamander mystics (Snake:4)
  9 naga sharpshooters
  21 deep elf knights
  The ghost of p00ps00p the Trooper, a novice DsGl of Gozag (D:7)
  A shadow wraith (Crypt:2)
  11 skeletal warriors
  8 sea snakes
  5 naga ritualists
  29 deep trolls
  8 bog bodies
  10 lindwurms
  A flayed ghost (Crypt:2)
  8 starcursed masses
  An orange crystal statue (Shoals:3)
  8 phantasmal warriors
  A spriggan simulacrum (IceCv)
  16 ironbound convokers
  Pikel (D:5)
  17 deep elf archers
  10 wizards
  10 mana vipers
  2 obsidian statues
  33 harpies
  A glowing shapeshifter (Vaults:1)
  4 necromancers
  A wolf spider (D:15)
  4 orc knights
  3 orc sorcerers
  26 deep elf pyromancers
  10 cyclopes
  19 manticores
  A stone giant zombie (Crypt:2)
  26 deep elf zephyrmancers
  30 ugly things
  43 fauns
  A worldbinder (Abyss:3)
  13 salamanders
  7 guardian serpents
  13 naga magi
  2 ice statues (D:14)
  7 merfolk sirens
  23 vault sentinels
  8 water nymphs
  29 black mambas
  A torpor snail (Lair:3)
  2 moths of wrath (Snake:3)
  2 gargoyles
  A naga skeleton (Crypt:2)
  A human zombie (Vaults:2)
  10 cane toads
  11 unseen horrors
  A centaur skeleton (Crypt:2)
  33 yaktaurs
  2 tormentors (Crypt:1)
  An alligator snapping turtle skeleton (Crypt:1)
  9 komodo dragons
  An iron troll zombie (Crypt:2)
  4 ice devils (IceCv)
  3 efreet
  2 ancient zymes (Abyss:2)
  21 freezing wraiths
  2 anaconda simulacra (IceCv)
  6 guardian mummies (Crypt:3)
  13 wind drakes
  A tengu conjurer (D:14)
  4 polar bears (Lair:5)
  12 trolls
  A mana viper skeleton (Crypt:2)
  A shadow dragon simulacrum (Crypt:2)
  24 merfolk
  A tarantella (shapeshifter) (D:13)
  4 hornets
  A raiju (Abyss:2)
  8 slime creatures (Vaults:1)
  4 snapping turtles
  16 dream sheep
  8 blink frogs
  9 water elementals
  2 air elementals (Elf:1)
  12 spriggans (Lair:5)
  2 large abominations (Abyss:2)
  A shadow (D:13)
  6 wraiths
  2 centaur simulacra
  8 flying skulls
  6 wyverns
  3 dire elephant simulacra (IceCv)
  3 ettin skeletons (Crypt:2)
  8 basilisks
  3 fire elementals (D:13)
  A yak (shapeshifter) (D:13)
  A hog (D:13)
  A chaos spawn (Abyss:2)
  A neqoxec (Abyss:2)
  A steam dragon (D:9)
  22 yaks
  An elf simulacrum (Vaults:2)
  A minotaur simulacrum (IceCv)
  2 vampire mosquitoes (D:11)
  A two-headed ogre zombie (Crypt:2)
  Menkaure (D:6)
  35 nagas
  3 harpy simulacra (IceCv)
  4 small abominations
  8 acid dragons
  2 glowing shapeshifter zombies
  2 hydra simulacra (IceCv)
  16 water moccasins
  3 hell hounds (D:13)
  Duvessa (D:5)
  20 orc warriors
  A water nymph skeleton (Crypt:3)
  4 black bears
  A human skeleton (Vaults:2)
  An ice beast (D:5)
  5 alligator simulacra (IceCv)
  4 sky beasts
  3 ettin simulacra
  5 centaurs
  12 boggarts
  A dream sheep zombie (Crypt:1)
  36 ogres
  21 wolves
  2 phantoms
  A dream sheep skeleton (Crypt:1)
  Blork the orc (D:5)
  2 kobold brigands
  10 bullfrogs
  3 necrophages
  A gnoll sergeant (D:8)
  5 earth elementals
  A draconian skeleton (Crypt:2)
  2 scorpions (D:6)
  2 water moccasin skeletons
  Dowan (D:5)
  14 killer bees
  2 lindwurm simulacra (IceCv)
  5 electric eels
  A vampire bat (D:3)
  3 howler monkeys (D:10)
  2 hounds
  A quasit (Abyss:2)
  4 jellies
  16 orc priests
  A bullfrog skeleton (Crypt:1)
  A basilisk zombie (Crypt:1)
  3 gnoll boudas
  2 iguanas (D:5)
  27 orc wizards
  6 hell rats
  A boggart skeleton (Crypt:1)
  An acid dragon zombie (Crypt:1)
  8 mummies (Ossuary)
  9 adders
  A river rat (D:9)
  25 gnolls
  2 white imps
  3 ufetubi
  3 worms
  3 fire bats (D:3)
  85 orcs
  2 spectral bats (D:3)
  11 bats
  3 bat skeletons (D:3)
  A bat zombie (D:3)
  15 endoplasms
  4 giant cockroaches
  6 hobgoblins
  5 jackals
  A quokka (D:1)
  3 training dummies (Elf:3)
  6 ball pythons
  A bat simulacrum (D:3)
  A frilled lizard (D:3)
  A frilled lizard skeleton (Crypt:2)
  2 gnoll zombies (Ossuary)
  A hobgoblin zombie (Ossuary)
  22 kobolds
  4 kobold zombies (Ossuary)
  2 orc zombies
  9 rats
  12 fungi
  A lurking horror (Abyss:3)
  55 plants
  7 starspawn tentacles (Abyss:3)
  11 tentacles (Shoals:1)
  13 toadstools
1840 creatures vanquished.

Notes
Turn   | Place    | Note
-------+----------+-------------------------------------------
     0 | D:1      | jfcaron the Gnoll Reaver began the quest for the Orb.
     0 | D:1      | Reached XP level 1. HP: 20/20 MP: 6/6
   437 | D:1      | Reached XP level 2. HP: 26/26 MP: 7/7
   982 | D:2      | Learned a level 2 spell: Blink
  1304 | D:2      | Reached skill level 5 in Spellcasting
  1304 | D:2      | Reached XP level 3. HP: 31/31 MP: 7/9
  1369 | D:2      | HP: 3/31 [acid (5)]
  1371 | D:2      | Gained mutation: Your body sometimes deteriorates upon
                  | taking damage. [potion of mutation]
  1371 | D:2      | Gained mutation: You are partially covered in large bone
                  | plates. (SH +4) [potion of mutation]
  1371 | D:2      | Gained mutation: Your muscles are strong. (Str +4, Int/Dex
                  | -1) [potion of mutation]
  1371 | D:2      | Gained mutation: Your muscles are very strong. (Str +8,
                  | Int/Dex -2) [potion of mutation]
  1376 | D:2      | Reached skill level 1 in Short Blades
  1376 | D:2      | Reached skill level 1 in Long Blades
  1376 | D:2      | Reached skill level 1 in Axes
  1376 | D:2      | Reached skill level 1 in Maces & Flails
  1376 | D:2      | Reached skill level 1 in Staves
  1376 | D:2      | Reached skill level 1 in Ranged Weapons
  1376 | D:2      | Reached skill level 1 in Throwing
  1376 | D:2      | Reached skill level 1 in Armour
  1376 | D:2      | Reached skill level 1 in Stealth
  1376 | D:2      | Reached skill level 1 in Shields
  1376 | D:2      | Reached skill level 1 in Unarmed Combat
  1376 | D:2      | Reached skill level 1 in Invocations
  1376 | D:2      | Reached skill level 1 in Evocations
  1376 | D:2      | Reached XP level 4. HP: 8/37 MP: 9/11
  1376 | D:2      | HP: 5/55 [frozen (4)]
  1381 | D:2      | Reached skill level 1 in Hexes
  1381 | D:2      | Reached skill level 1 in Summonings
  1381 | D:2      | Reached skill level 1 in Necromancy
  1381 | D:2      | Reached skill level 1 in Translocations
  1381 | D:2      | Reached skill level 1 in Transmutations
  1381 | D:2      | Reached skill level 1 in Fire Magic
  1381 | D:2      | Reached skill level 1 in Ice Magic
  1381 | D:2      | Reached skill level 1 in Air Magic
  1381 | D:2      | Reached skill level 1 in Earth Magic
  1381 | D:2      | Reached skill level 1 in Poison Magic
  1582 | D:2      | Found a faded altar of an unknown god.
  1713 | D:3      | Found a glowing golden altar of the Shining One.
  1816 | D:3      | Reached XP level 5. HP: 37/38 MP: 10/12
  1847 | D:3      | Found a radiant altar of Vehumet.
  2470 | D:3      | Reached XP level 6. HP: 49/50 MP: 13/13
  2706 | D:3      | Reached skill level 5 in Fighting
  2706 | D:3      | Reached skill level 5 in Dodging
  2848 | D:3      | Reached skill level 2 in Evocations
  3082 | D:4      | Found a staircase to the Ecumenical Temple.
  3090 | Temple   | Entered the Ecumenical Temple
  3190 | Temple   | Became a worshipper of Gozag Ym Sagoz the Greedy
  3248 | D:4      | Found a sand-covered staircase.
  3254 | Ossuary  | Entered an ossuary
  4091 | D:4      | Found a hazy altar of Hepliaklqana.
  4118 | D:4      | Reached XP level 7. HP: 49/56 MP: 15/15
  4522 | D:4      | Found a glowing silver altar of Zin.
  4772 | D:5      | Entered Level 5 of the Dungeon
  4850 | D:5      | Noticed Blork the orc
  4855 | D:5      | Killed Blork the orc
  5296 | D:5      | Noticed Pikel
  5327 | D:5      | Killed Pikel
  5328 | D:5      | Reached skill level 3 in Evocations
  5328 | D:5      | Reached XP level 8. HP: 25/64 MP: 15/17
  5329 | D:5      | Noticed Duvessa
  5778 | D:5      | Noticed Dowan
  5783 | D:5      | Killed Dowan
  6835 | D:6      | Noticed Menkaure
  7064 | D:6      | Killed Menkaure
  7065 | D:6      | Reached skill level 4 in Evocations
  7065 | D:6      | Reached XP level 9. HP: 36/69 MP: 18/18
  7696 | D:6      | Found a hide-covered altar of Uskayaw.
  7697 | D:6      | Found a shimmering altar of Xom.
  7719 | D:6      | Found a shimmering blue altar of Sif Muna.
  7974 | D:7      | Identified a scroll of acquirement
  7974 | D:7      | Acquired 832 gold pieces
  8172 | D:7      | Acquired 836 gold pieces
  8198 | D:7      | Reached skill level 5 in Invocations
  8230 | D:7      | Found a sacrificial altar of Ru.
  8477 | D:7      | Noticed a hornet
  8479 | D:7      | Found a transporter.
  8484 | D:7      | Found a transporter.
  8485 | D:7      | Noticed p00ps00p's ghost (novice DsGl)
  8514 | D:7      | Reached skill level 5 in Short Blades
  8514 | D:7      | Reached skill level 5 in Long Blades
  8514 | D:7      | Reached skill level 5 in Axes
  8514 | D:7      | Reached skill level 5 in Maces & Flails
  8514 | D:7      | Reached skill level 5 in Staves
  8514 | D:7      | Reached skill level 5 in Ranged Weapons
  8514 | D:7      | Reached skill level 5 in Throwing
  8514 | D:7      | Reached skill level 5 in Armour
  8514 | D:7      | Reached skill level 5 in Stealth
  8514 | D:7      | Reached skill level 5 in Shields
  8514 | D:7      | Reached skill level 5 in Unarmed Combat
  8514 | D:7      | Reached skill level 5 in Evocations
  8514 | D:7      | Reached XP level 10. HP: 77/77 MP: 20/20
  8883 | D:8      | Found a snail-covered altar of Cheibriados.
  8922 | D:8      | HP: 12/79 [acid dragon (5)]
  9217 | D:8      | Found a bloodstained altar of Trog.
  9324 | D:8      | Found an iron altar of Okawaru.
  9848 | D:8      | Found Bebleg's Armour Boutique.
 10067 | D:8      | Bought a +4 ring mail of poison resistance for 280 gold
                  | pieces
 10129 | D:9      | Found Qioleylept's Armour Shoppe.
 10129 | D:9      | Found a staircase to the Orcish Mines.
 10247 | D:8      | Learned a level 2 spell: Wereblood
 10251 | D:8      | Learned a level 3 spell: Hailstorm
 10272 | D:9      | Found Peorgh's Weapon Shoppe.
 10284 | D:9      | Bought a +2 helmet of see invisible for 344 gold pieces
 10284 | D:9      | Bought a +1 pair of boots for 184 gold pieces
 10433 | D:9      | Noticed Harold
 10512 | D:9      | Noticed a death yak
 10530 | D:9      | Noticed a death yak
 10530 | D:9      | Noticed a death yak
 10551 | D:9      | Killed a death yak
 10561 | D:9      | Killed a death yak
 10562 | D:9      | Reached skill level 6 in Evocations
 10570 | D:9      | Killed a death yak
 10571 | D:9      | Reached skill level 5 in Hexes
 10571 | D:9      | Reached skill level 5 in Summonings
 10571 | D:9      | Reached skill level 5 in Necromancy
 10571 | D:9      | Reached skill level 5 in Translocations
 10571 | D:9      | Reached skill level 5 in Transmutations
 10571 | D:9      | Reached skill level 5 in Fire Magic
 10571 | D:9      | Reached skill level 5 in Ice Magic
 10571 | D:9      | Reached skill level 5 in Air Magic
 10571 | D:9      | Reached skill level 5 in Earth Magic
 10571 | D:9      | Reached skill level 5 in Poison Magic
 10571 | D:9      | Reached XP level 11. HP: 38/85 MP: 1/23
 10709 | D:9      | Found a staircase to the Lair.
 10776 | D:9      | Found a white marble altar of Elyvilon.
 10817 | D:9      | Found a broken altar of Ashenzari.
 10852 | D:9      | Killed Harold
 10970 | D:9      | Found a basalt altar of Yredelemnul.
 11647 | D:10     | Entered Level 10 of the Dungeon
 12027 | D:10     | Noticed a cyclops
 12066 | D:10     | Killed a cyclops
 12145 | D:10     | Found a shadowy altar of Dithmenos.
 12651 | D:10     | Found Susapepu's Magic Scroll Shop.
 12663 | D:10     | Bought a scroll of poison for 56 gold pieces
 12663 | D:10     | Bought a scroll of identify for 28 gold pieces
 12663 | D:10     | Bought a scroll of acquirement for 728 gold pieces
 12666 | D:10     | Acquired the ring "Ceant" {rPois rF+ rCorr Str-3 Dex+10}
 13133 | D:7      | Learned a level 3 spell: Frozen Ramparts
 13167 | D:7      | Killed p00ps00p's ghost
 13317 | D:5      | Killed Duvessa
 13466 | Lair:1   | Entered Level 1 of the Lair of Beasts
 13551 | Lair:1   | Noticed Urug
 13663 | Lair:1   | Reached skill level 7 in Evocations
 13675 | Lair:1   | Reached XP level 12. HP: 94/94 MP: 10/24
 14680 | Lair:1   | Killed Urug
 14681 | Lair:1   | Reached skill level 10 in Polearms
 15054 | Lair:2   | Identified the +3 leather armour "Yfag Bae" {Dex+4}
 15104 | Lair:2   | Found a staircase to the Shoals.
 15847 | Lair:3   | Noticed a four-headed hydra
 15859 | Lair:3   | Killed a four-headed hydra
 15909 | Lair:3   | Noticed a boulder beetle
 15942 | Lair:3   | Killed a boulder beetle
 16354 | Lair:3   | Found a staircase to the Snake Pit.
 16593 | Lair:3   | Reached skill level 8 in Evocations
 16718 | Lair:3   | Reached XP level 13. HP: 101/101 MP: 20/26
 16817 | Lair:3   | Acquired 424 gold pieces
 16884 | Lair:3   | Learned a level 1 spell: Apportation
 17026 | Lair:3   | Learned a level 1 spell: Necrotise
 17675 | Lair:4   | Identified the +7 quarterstaff of Gloom {protect, Will+}
 18067 | Lair:4   | Reached skill level 10 in Spellcasting
 18853 | Lair:5   | Entered Level 5 of the Lair of Beasts
 19200 | Lair:5   | Reached skill level 10 in Fighting
 19200 | Lair:5   | Reached skill level 10 in Dodging
 19419 | Lair:5   | Reached skill level 9 in Evocations
 19797 | Lair:5   | Reached skill level 10 in Invocations
 19797 | Lair:5   | Reached XP level 14. HP: 111/111 MP: 28/28
 19942 | Lair:5   | Reached XP level 15. HP: 115/117 MP: 24/29
 20141 | Lair:5   | Found a runed translucent door.
 20141 | Lair:5   | Found a viscous altar of Jiyva.
 20142 | Lair:5   | Found a staircase to the Slime Pits.
 20756 | Orc:1    | Entered Level 1 of the Orcish Mines
 20756 | Orc:1    | Noticed Fannar
 20785 | Orc:1    | Killed Fannar
 21396 | Orc:2    | Entered Level 2 of the Orcish Mines
 21745 | Orc:2    | Reached skill level 10 in Conjurations
 21766 | Orc:2    | Reached skill level 10 in Short Blades
 21766 | Orc:2    | Reached skill level 10 in Long Blades
 21766 | Orc:2    | Reached skill level 10 in Axes
 21766 | Orc:2    | Reached skill level 10 in Maces & Flails
 21766 | Orc:2    | Reached skill level 10 in Staves
 21766 | Orc:2    | Reached skill level 10 in Ranged Weapons
 21766 | Orc:2    | Reached skill level 10 in Throwing
 21766 | Orc:2    | Reached skill level 10 in Armour
 21766 | Orc:2    | Reached skill level 10 in Stealth
 21766 | Orc:2    | Reached skill level 10 in Shields
 21766 | Orc:2    | Reached skill level 10 in Unarmed Combat
 21766 | Orc:2    | Reached skill level 10 in Evocations
 22026 | Orc:2    | Found Byraczasse's General Store.
 22026 | Orc:2    | Found Wit Fura's Book Shop.
 22026 | Orc:2    | Found Xagirol's Assorted Antiques.
 22026 | Orc:2    | Found Kineit's Distillery.
 22039 | Orc:2    | Bought a potion of heal wounds for 75 gold pieces
 22039 | Orc:2    | Bought a potion of curing for 45 gold pieces
 22193 | Orc:2    | Found a staircase to the Elven Halls.
 22605 | Orc:2    | Bought a potion of might for 60 gold pieces
 22606 | Orc:2    | Bought Great Wizards, Vol. VII for 330 gold pieces
 22611 | Orc:2    | Learned a level 3 spell: Tukima's Dance
 22616 | Orc:2    | Learned a level 4 spell: Summon Lightning Spire
 22865 | D:11     | Identified the +9 falchion of Judgement {vorpal, rPois}
 22946 | D:11     | Identified the +0 ring mail of the Dungeon {rElec Str+8
                  | Int-4 Dex+4}
 23155 | D:11     | Identified the +6 spear of Lepluwer {venom, Fly rC+}
 24788 | D:13     | Found a gate to the Vaults.
 24807 | D:13     | Noticed Kirke
 24811 | D:13     | Kirke changed into Kirke the hog
 24811 | D:13     | Noticed Kirke
 24827 | D:13     | Killed Kirke
 24828 | D:13     | Reached XP level 16. HP: 126/126 MP: 28/31
 25015 | D:13     | Noticed Azrael
 25507 | D:13     | Killed Azrael
 25740 | D:14     | Found Diduotah's General Store.
 25742 | D:14     | Found Othiulac's Specific Store.
 25746 | D:14     | Bought a scroll of blinking for 105 gold pieces
 25981 | D:14     | Found a frozen archway.
 25990 | IceCv    | Entered an ice cave
 26929 | IceCv    | Found an ancient bone altar of Kikubaaqudgha.
 27350 | IceCv    | Identified the +0 pair of gloves of Sisiotso {rC+ Int+5}
 27670 | IceCv    | Noticed a lich
 27704 | IceCv    | Killed a lich
 27705 | IceCv    | Reached skill level 11 in Evocations
 28533 | D:14     | Paralysed by an ogre mage for 4 turns
 29176 | D:14     | Identified the ring of Due Proportion {rF+ Int+2 Slay+5
                  | SInv}
 29679 | D:15     | Entered Level 15 of the Dungeon
 29729 | D:14     | Upgraded the game from 0.30-a0-359-gd0147acb1a to
                  | 0.30-a0-360-g447f08457e
 30035 | D:14     | HP: 23/127 [cyan ugly thing (5)]
 30040 | D:14     | HP: 18/127 [cyan ugly thing (6)]
 30663 | D:15     | Found a staircase to the Depths.
 30670 | D:15     | Found a snail-covered altar of Cheibriados.
 30681 | D:15     | Found Tybozof's Demolitions Depot.
 30950 | D:15     | Bought a manual of Evocations for 1120 gold pieces
 30950 | D:15     | Bought a condenser vane for 560 gold pieces
 30950 | D:15     | Bought a wand of flame (7) for 68 gold pieces
 31795 | Elf:1    | Entered Level 1 of the Elven Halls
 31815 | Elf:1    | Reached XP level 17. HP: 133/133 MP: 24/33
 32147 | Elf:1    | HP: 20/135 [deep elf knight/shard of ice[a deep elf high
                  | priest] (16)]
 32499 | Elf:1    | Reached skill level 12 in Evocations
 32908 | Elf:1    | Reached skill level 10 in Hexes
 32908 | Elf:1    | Reached skill level 10 in Summonings
 32908 | Elf:1    | Reached skill level 10 in Necromancy
 32908 | Elf:1    | Reached skill level 10 in Translocations
 32908 | Elf:1    | Reached skill level 10 in Transmutations
 32908 | Elf:1    | Reached skill level 10 in Fire Magic
 32908 | Elf:1    | Reached skill level 10 in Ice Magic
 32908 | Elf:1    | Reached skill level 10 in Air Magic
 32908 | Elf:1    | Reached skill level 10 in Earth Magic
 32908 | Elf:1    | Reached skill level 10 in Poison Magic
 32931 | Elf:1    | Identified the +3 cloak "Telosinn" {+Blink rPois Int+3}
 33136 | Elf:1    | Identified Roxanne's Encyclopedia of Reformation
 33136 | Elf:1    | Noticed Roxanne
 34365 | Elf:1    | Learned a level 5 spell: Borgnjor's Vile Clutch
 34371 | Elf:1    | Learned a level 5 spell: Summon Mana Viper
 34377 | Elf:1    | Learned a level 5 spell: Yara's Violent Unravelling
 34394 | Elf:1    | Killed Roxanne
 34637 | Elf:2    | Found Muocsofy's Antique Weapon Boutique.
 34777 | Elf:2    | Found a runed translucent gate.
 34777 | Elf:2    | Found a runed translucent gate.
 34777 | Elf:2    | Found a runed translucent gate.
 34865 | Elf:2    | Noticed a deep elf blademaster
 34872 | Elf:2    | Killed a deep elf blademaster
 35090 | Elf:2    | Reached skill level 13 in Evocations
 35101 | Elf:2    | Reached XP level 18. HP: 126/143 MP: 6/35
 35856 | Elf:3    | Entered Level 3 of the Elven Halls
 35941 | Elf:3    | Noticed a deep elf master archer
 35957 | Elf:3    | Killed a deep elf master archer
 36143 | Elf:3    | Found Vynos's Antique Weapon Emporium.
 36222 | Elf:3    | Found Xiemu's Weapon Shoppe.
 36271 | Elf:3    | Found Xabenofeiv's Antique Armour Shoppe.
 36274 | Elf:3    | Bought a shiny helmet for 262 gold pieces
 36369 | Elf:3    | Noticed a deep elf master archer
 36377 | Elf:3    | Killed a deep elf master archer
 37017 | Elf:3    | Identified the +6 falchion "Ongikhlaphy" {freeze, Int+3}
 37596 | Elf:3    | Noticed a deep elf blademaster
 37603 | Elf:3    | Killed a deep elf blademaster
 37604 | Elf:3    | Reached skill level 14 in Evocations
 37915 | Elf:3    | Noticed a deep elf blademaster
 37935 | Elf:3    | Killed a deep elf blademaster
 37936 | Elf:3    | Identified the +7 battleaxe of the Heavens {vorpal, rF++
                  | Int+6}
 38398 | Elf:3    | Upgraded the game from 0.30-a0-360-g447f08457e to
                  | 0.30-a0-364-gf6b3ef1049
 38538 | Elf:3    | Reached XP level 19. HP: 130/148 MP: 14/36
 38900 | Elf:3    | Learned a level 5 spell: Freezing Cloud
 38922 | Elf:3    | Identified the +6 scale mail of Rohal {Int+3}
 38926 | Elf:3    | Identified the +3 quarterstaff "Ogrebane" {elec, rElec rN+}
 39313 | Shoals:1 | Entered Level 1 of the Shoals
 39441 | Shoals:1 | Found a runed translucent gate.
 39441 | Shoals:1 | Found a runed translucent gate.
 39441 | Shoals:1 | Found a runed translucent gate.
 39611 | Shoals:1 | Found an opulent altar of Gozag.
 39779 | Shoals:1 | Found Veut's Assorted Antiques.
 39780 | Shoals:1 | Noticed Heluore's ghost (adept DsGl)
 40263 | Shoals:1 | Found Ygiliud's Island Escapes.
 40624 | Shoals:1 | Bought a scroll of teleportation for 51 gold pieces
 40624 | Shoals:1 | Bought a scroll of butterflies for 68 gold pieces
 40624 | Shoals:1 | Bought a scroll of teleportation for 51 gold pieces
 40624 | Shoals:1 | Bought a scroll of teleportation for 51 gold pieces
 40624 | Shoals:1 | Bought a scroll of butterflies for 68 gold pieces
 40624 | Shoals:1 | Bought a scroll of butterflies for 68 gold pieces
 40624 | Shoals:1 | Bought a scroll of teleportation for 51 gold pieces
 40719 | Shoals:1 | Killed Heluore's ghost
 40838 | Shoals:1 | Bought a glittering wooden ring for 155 gold pieces
 40838 | Shoals:1 | Identified the ring of Zearuwuez {Fire Dex+7} (You bought
                  | it in a shop on level 1 of the Shoals)
 40842 | Shoals:1 | Bought a potion of magic for 248 gold pieces
 40842 | Shoals:1 | Bought a potion of might for 124 gold pieces
 40873 | Shoals:2 | Noticed Louise
 40883 | Shoals:2 | Reached skill level 15 in Evocations
 40895 | Abyss:2  | Cast into level 2 of the Abyss (Louise)
 41090 | Abyss:2  | Gained mutation: You are frail. (-10% HP) [a neqoxec]
 41380 | Abyss:2  | Noticed a bone dragon
 41697 | Abyss:3  | Got an abyssal rune of Zot
 41699 | Abyss:3  | HP: 26/136 [cloud of flame (6)]
 41700 | Shoals:2 | Escaped the Abyss
 42205 | Shoals:2 | Killed Louise
 42209 | Shoals:2 | Noticed Ilsuiw
 42224 | Shoals:2 | Killed Ilsuiw
 42231 | Shoals:2 | Found Quusk's Distillery.
 42241 | Shoals:2 | Bought a potion of heal wounds for 90 gold pieces
 42397 | Shoals:2 | Bought a potion of mutation for 144 gold pieces
 42397 | Shoals:2 | Lost mutation: You are frail. (-10% HP) [potion of
                  | mutation]
 42397 | Shoals:2 | Lost mutation: Your muscles are very strong. (Str +8,
                  | Int/Dex -2) [potion of mutation]
 42397 | Shoals:2 | Gained mutation: You occasionally lose the ability to drink
                  | potions when taking damage. [potion of mutation]
 42571 | D:11     | Lost mutation: You are partially covered in large bone
                  | plates. (SH +4) [potion of mutation]
 42571 | D:11     | Lost mutation: You occasionally lose the ability to drink
                  | potions when taking damage. [potion of mutation]
 42571 | D:11     | Lost mutation: Your body sometimes deteriorates upon taking
                  | damage. [potion of mutation]
 42571 | D:11     | Gained mutation: Your body sometimes deteriorates upon
                  | taking damage. [potion of mutation]
 42698 | Shoals:2 | Reached skill level 15 in Polearms
 42763 | Shoals:2 | Identified the +4 rapier "Weuk" {flame, rElec rPois Str+2}
 42912 | Shoals:2 | Found Louph's Self-Improvement Boutique.
 43031 | Shoals:2 | Bought a manual of Long Blades for 1120 gold pieces
 43031 | Shoals:2 | Bought a manual of Stealth for 1120 gold pieces
 43031 | Shoals:2 | Bought a manual of Throwing for 1120 gold pieces
 43052 | Shoals:2 | Found Yggariv's Antique Weapon Shop.
 43065 | Shoals:2 | Identified the +2 robe of Noughts and Crosses {Regen+
                  | Slay+3}
 43871 | Shoals:3 | Found a transporter.
 43962 | Shoals:3 | Noticed Aizul
 43974 | Shoals:3 | Killed Aizul
 44056 | Shoals:3 | Reached XP level 20. HP: 153/160 MP: 38/38
 44085 | Shoals:3 | Found a transporter.
 44518 | Shoals:3 | Reached skill level 15 in Invocations
 44924 | Shoals:4 | Entered Level 4 of the Shoals
 45275 | Shoals:4 | Reached skill level 16 in Evocations
 45469 | Shoals:4 | Noticed Mlioglotl
 45489 | Shoals:4 | Killed Mlioglotl
 45837 | Shoals:4 | Noticed Bai Suzhen
 45853 | Shoals:4 | Killed Bai Suzhen
 46074 | Shoals:4 | Got a barnacled rune of Zot
 46111 | Shoals:4 | Identified the +3 broad axe "Kiecruge" {vorpal, rC+ MP+9
                  | Int+4}
 46654 | Snake:1  | Entered Level 1 of the Snake Pit
 46682 | Snake:1  | Reached skill level 15 in Spellcasting
 46736 | Snake:1  | Found a sparkling altar of Nemelex Xobeh.
 47166 | Snake:1  | Identified the +4 ring mail of Untruth {*Corrode rElec
                  | Dex+5}
 47334 | Snake:2  | Noticed Nikola
 47341 | Snake:2  | Killed Nikola
 47783 | Snake:2  | Reached skill level 15 in Fighting
 47783 | Snake:2  | Reached skill level 15 in Dodging
 47884 | Snake:2  | Reached skill level 15 in Long Blades
 47884 | Snake:2  | Reached skill level 15 in Throwing
 47884 | Snake:2  | Reached skill level 15 in Stealth
 48145 | Snake:2  | Found Elintep's Magic Scroll Emporium.
 48153 | Snake:2  | Bought a scroll of blinking for 142 gold pieces
 48235 | Snake:3  | Found a flickering gateway to a bazaar.
 48321 | Bazaar   | Entered a bazaar
 48321 | Bazaar   | Found Boolel's General Store.
 48321 | Bazaar   | Found Munoemp's Antique Weapon Shoppe.
 48321 | Bazaar   | Found Muiqodol's Distillery.
 48353 | Bazaar   | Found Ovosucs's Antique Armour Emporium.
 48364 | Bazaar   | Found Xyop's Book Boutique.
 48398 | Bazaar   | Bought 2 potions of curing for 66 gold pieces
 48398 | Bazaar   | Bought 2 potions of heal wounds for 110 gold pieces
 48398 | Bazaar   | Bought a potion of invisibility for 88 gold pieces
 48398 | Bazaar   | Bought a potion of resistance for 110 gold pieces
 48398 | Bazaar   | Bought a potion of resistance for 110 gold pieces
 48409 | Bazaar   | Bought a scroll of magic mapping for 82 gold pieces
 48409 | Bazaar   | Bought a scroll of immolation for 44 gold pieces
 48409 | Bazaar   | Bought a scroll of enchant armour for 82 gold pieces
 48431 | Bazaar   | Bought a distressingly furry scale mail for 162 gold pieces
 48431 | Bazaar   | Identified the +4 scale mail "Aghutiyn" {rC+ Int+4 SInv}
                  | (You bought it in a shop in a bazaar)
 48453 | Bazaar   | Bought a polished rapier for 207 gold pieces
 48453 | Bazaar   | Identified the +10 rapier of Doubt {flame, Dex+3} (You
                  | bought it in a shop in a bazaar)
 48466 | Bazaar   | Bought a potion of berserk rage for 55 gold pieces
 48968 | Snake:3  | Found a transporter.
 48970 | Snake:3  | Noticed Zuugaigu's ghost (adept MiFi)
 48971 | Snake:3  | Found a bloodstained altar of Trog.
 48987 | Snake:3  | Found a transporter.
 49029 | Snake:3  | Reached XP level 21. HP: 148/168 MP: 40/40
 49323 | Snake:3  | Killed Zuugaigu's ghost
 49324 | Snake:3  | Reached skill level 17 in Evocations
 49434 | Snake:4  | Entered Level 4 of the Snake Pit
 50839 | Snake:4  | Got a serpentine rune of Zot
 51257 | Vaults:1 | Entered Level 1 of the Vaults
 52735 | Vaults:2 | Reached skill level 15 in Short Blades
 52735 | Vaults:2 | Reached skill level 15 in Axes
 52735 | Vaults:2 | Reached skill level 15 in Maces & Flails
 52735 | Vaults:2 | Reached skill level 15 in Staves
 52735 | Vaults:2 | Reached skill level 15 in Ranged Weapons
 52735 | Vaults:2 | Reached skill level 15 in Armour
 52735 | Vaults:2 | Reached skill level 15 in Shields
 52735 | Vaults:2 | Reached skill level 15 in Unarmed Combat
 53313 | Vaults:2 | Reached skill level 18 in Evocations
 53328 | Vaults:2 | Reached XP level 22. HP: 143/173 MP: 41/41
 53367 | Vaults:2 | Paralysed by a great orb of eyes for 3 turns
 54548 | Vaults:3 | Found a staircase to the Crypt.
 56646 | Vaults:4 | Reached skill level 19 in Evocations
 56778 | Vaults:4 | Reached XP level 23. HP: 139/185 MP: 40/43
 57158 | Vaults:4 | Found Erarud's Jewellery Boutique.
 58157 | Shoals:2 | Bought a manual of Fire Magic for 1120 gold pieces
 59519 | Crypt:1  | Entered Level 1 of the Crypt
 62558 | Crypt:3  | Entered Level 3 of the Crypt
 62558 | Crypt:3  | Noticed a dread lich
 62571 | Crypt:3  | Killed a dread lich
 62864 | Crypt:3  | Found a staircase to the Tomb.
 62933 | Crypt:3  | Reached skill level 20 in Evocations
 62938 | Crypt:3  | Noticed Zenata
 63250 | Crypt:3  | Noticed an ancient lich
 63254 | Crypt:3  | Noticed Grunn
 63263 | Crypt:2  | HP: 34/184 [doom hound[Grunn] (28)]
 63263 | Crypt:2  | HP: 10/184 [doom hound[Grunn] (13)]
 63275 | Crypt:1  | HP: 22/177 [Tzitzimitl/bolt of negative energy[a doom
                  | hound] (24)]
 63281 | Crypt:1  | HP: 33/177 [Tzitzimitl[a doom hound] (16)]
 63283 | Crypt:1  | HP: 12/174 [???[a doom hound] (7)]
 63297 | Crypt:1  | HP: 12/175 [???[a doom hound] (7)]
 63323 | Crypt:1  | Reached skill level 15 in Conjurations
 63323 | Crypt:1  | Reached XP level 24. HP: 24/189 MP: 15/44
 63854 | Crypt:2  | HP: 23/189 [???[a doom hound] (16)]
 63854 | Crypt:2  | HP: 9/189 [???[a doom hound] (5)]
 63854 | Crypt:2  | Killed from afar by a Tzitzimitl

Illustrated notes

Levels and vault maps discovered:
D:1:      eino_arrival_water_star, layout_rooms, serial_forest,
          infiniplex_forest_lined_room_, infiniplex_forest_zigzag_1,
          infiniplex_forest_corner_1, infiniplex_forest_end_2,
          infiniplex_forest_lined_room_3, infiniplex_forest_clump_tiny,
          infiniplex_forest_lined_3_way, infiniplex_forest_end_1
D:2:      cheibrodos_fertilizer, layout_basic,
          shapermc_ecumenical_altar_mp_highgroup, kennysheep_doodads
D:3:      layout_basic, mainiacjoe_overflow_small_starburst,
          lemuel_doored_altar, goddamned_bats
D:4:      layout_basic, mainiacjoe_overflow_boulevard, kennysheep_mini,
          minmay_temple_entry_gardened_gates, nicolae_ossuary_entry_plus,
          chequers_serial_rivers_micro_b
D:5:      layout_gridville, small_statue_intersection, uniq_duvessa, uniq_pikel,
          uniq_blork_the_orc
D:6:      layout_cave_pools, lemuel_tele_altar,
          gammafunk_temple_overflow_statue, uniq_menkaure
D:7:      layout_rooms, mainiacjoe_overflow_catwalk, gammafunk_ghost_hive,
          eino_jars
D:8:      layout_gridville, okawaru_ov_weapons_minmay, kennysheep_little_box,
          marbit_many_paths, serial_shops, nicolae_shop_statue_plus
D:9:      layout_basic, nicolae_elyvilon_temple_path, yredelemnul_altar_generic,
          ashenzari_altar_1, dpeg_lair_monsters, orc_david_3,
          chequers_serial_rivers_micro_e, uniq_harold
D:10:     layout_cave_pods, overflow_temple_1_default, serial_shops, shop,
          minmay_sticks_and_stones
D:11:     layout_rooms, special_room [special_room_orc], st_stairs_2,
          minmay_gold_behind_fungi
D:12:     layout_basic
D:13:     layout_basic, david_vaults_2, uniq_azrael, uniq_kirke
D:14:     layout_basic, portal_ice_cave_entry_ice_statue_two,
          nicolae_specific_store, billiards_dpeg
D:15:     hangedman_depths_entry_civil_slaughter, layout_basic,
          cheibriados_altar_1, grunt_decor_clamped, nicolae_blasting_shop
Temple:   hellmonk_temple_beads
Lair:1:   layout_regular_city, uniq_urug
Lair:2:   layout_hall_layers, elwin_shoals_entry_stream
Lair:3:   layout_cave_pods, minmay_snake_entry_guardpost_small,
          nicolae_quartered_pool_little, minivault_27, grunt_megastairs_4
Lair:4:   layout_hall_layers
Lair:5:   minmay_lair_end_enchanted_forest, layout_cave_pods, slime_entry_2,
          st_stairs_9, chequers_serial_rivers_micro_c
Shoals:1: layout_shoals, ebering_ghost_gozag, nicolae_island_escapes
Shoals:2: layout_shoals, serial_shops, nicolae_shop_statue_plus, shop,
          nicolae_shop_self_help, uniq_louise, uniq_ilsuiw
Shoals:3: gammafunk_sealed_arena, layout_shoals, uniq_aizul
Shoals:4: shoals_end_hellmonk_lost_city, serial_shops, uniq_mlioglotl,
          uniq_bai_suzhen
Snake:1:  layout_rooms, basic_altar
Snake:2:  layout_rooms, serial_shops, nicolae_shop_trees,
          corexii_hall_statues_t, uniq_nikola
Snake:3:  nicolae_snake_nest, layout_misc_corridors, serial_shops,
          bzr_entry_water, gammafunk_ghost_wrathful_warriors
Snake:4:  johnstein_snake_rune_scales, layout_basic, nicolae_triple_integral
Orc:1:    layout_caves, basic_altar, nicolae_orc_tapped_out, uniq_fannar
Orc:2:    st_orc_ogre_mass, layout_diamond_mine
Elf:1:    elf_arrival_001, layout_geoelf_octagon, evilmike_minifort,
          abandoned_shop, uniq_roxanne
Elf:2:    elven_hall_of_blades_hangedman_original [grunt_blade_entry_basic],
          layout_geoelf_grid, serial_shops, shop
Elf:3:    nooodl_elf_gasket, layout_gridlike, serial_shops,
          nicolae_shop_behind_doors, nicolae_shop_trees,
          nicolae_shop_bloodbath_and_beyond, nicolae_elf_archery_training
Vaults:1: vaults_room_pools, v_misc_26, ontoclasm_vaults_eye,
          hangedman_vaults_corner_blocks, ontoclasm_vaults_tryst,
          ontoclasm_vaults_ring_small, vaults_room_corners, vaults_room_corners,
          nicolae_vaults_display_case, layout_vaults_quadrants
Vaults:2: ontoclasm_vaults_loading_screen, nicolae_vaults_network_star,
          grunt_vaults_focal, nicolae_vaults_shelves_hall, v_misc_23,
          nicolae_vaults_border_crossing, ontoclasm_vaults_idyll, v_misc_27,
          nicolae_vaults_theta, v_misc_29, nicolae_vaults_network_periphery,
          layout_vaults_big_room
Vaults:3: minmay_crypt_entry_nasty_monster, nicolae_vaults_little_squares_2,
          hangedman_vaults_nails, hangedman_vaults_impose,
          nicolae_vaults_rhombus_5, vaults_room_hallway,
          ontoclasm_vaults_bender, nicolae_vaults_shelves_hall,
          ontoclasm_vaults_ring_small, layout_vaults_maze_snakey
Vaults:4: v_pattern_5, nicolae_vaults_network_barrier, hangedman_vaults_unwind,
          v_misc_8, vaults_room_ringed_pool, st_squares, v_misc_16,
          vaults_room_door_hall, v_misc_29, ontoclasm_vaults_decontamination,
          v_rooms_4, vaults_room_mumra_shop_pool, vaults_dpeg_cross,
          nicolae_vaults_diagonal_hallway_6, layout_vaults_omnibox
Crypt:1:  layout_gridlike, due_unseen_surprise
Crypt:2:  layout_catacombs
Crypt:3:  david_glass_crypt, layout_gridlike, tomb_entry_shell_bobbens,
          uniq_zenata, uniq_grunn

Skill      XL: |  1  2  3  4  5  6  7  8  9 10 11 12 13 14 15 16 17 18 19 20 21 22 23 |
---------------+----------------------------------------------------------------------+-----
Spellcasting   | 5 6 7 8 9 10 11 12 13 14 15 16 17 | 17.2
Short Blades   | 1 2 3 4 5 6 7 8 9 10 11 12 13 14 15 16 | 16.5
Long Blades    | 1 2 3 4 5 6 7 8 9 10 11 12 13 15 16 17 18 | 18.9
Axes           | 1 2 3 4 5 6 7 8 9 10 11 12 13 14 15 16 | 16.5
Maces & Flails | 1 2 3 4 5 6 7 8 9 10 11 12 13 14 15 16 | 16.5
Staves         | 1 2 3 4 5 6 7 8 9 10 11 12 13 14 15 16 | 16.5
Ranged Weapons | 1 2 3 4 5 6 7 8 9 10 11 12 13 14 15 16 | 16.5
Throwing       | 1 2 3 4 5 6 7 8 9 10 11 12 13 15 16 17 18 | 18.9
Armour         | 1 2 3 4 5 6 7 8 9 10 11 12 13 14 15 16 | 16.5
Stealth        | 1 2 3 4 5 6 7 8 9 10 11 12 13 15 16 17 18 | 18.9
Shields        | 1 2 3 4 5 6 7 8 9 10 11 12 13 14 15 16 | 16.5
Unarmed Combat | 1 2 3 4 5 6 7 8 9 10 11 12 13 14 15 16 | 16.5
Invocations    | 1 2 3 4 5 6 7 8 10 11 12 13 14 15 16 17 | 17.9
Evocations     | 1 2 3 4 5 6 7 8 9 10 11 13 14 15 16 18 19 20 | 20.1
Hexes          | 1 2 3 4 5 6 7 8 9 10 11 12 13 14 | 14.0
Summonings     | 1 2 3 4 5 6 7 8 9 10 11 12 13 14 | 14.0
Necromancy     | 1 2 3 4 5 6 7 8 9 10 11 12 13 14 | 14.0
Translocations | 1 2 3 4 5 6 7 8 9 10 11 12 13 14 | 14.0
Transmutations | 1 2 3 4 5 6 7 8 9 10 11 12 13 14 | 14.0
Fire Magic     | 1 2 3 4 5 6 7 8 9 10 11 12 13 14 | 14.5
Ice Magic      | 1 2 3 4 5 6 7 8 9 10 11 12 13 14 | 14.0
Air Magic      | 1 2 3 4 5 6 7 8 9 10 11 12 13 14 | 14.0
Earth Magic    | 1 2 3 4 5 6 7 8 9 10 11 12 13 14 | 14.0
Poison Magic   | 1 2 3 4 5 6 7 8 9 10 11 12 13 14 | 14.0
Fighting       | 5 6 7 8 9 10 11 12 13 14 15 16 17 | 17.1
Dodging        | 5 6 7 8 9 10 11 12 13 14 15 16 17 | 17.1
Polearms       | 7 8 9 10 11 12 13 14 15 16 17 | 17.6
Conjurations   | 6 7 8 9 10 11 12 13 14 15 | 15.0

Action                   |  1- 3 |  4- 6 |  7- 9 | 10-12 | 13-15 | 16-18 | 19-21 | 22-24 || total
-------------------------+-------+-------+-------+-------+-------+-------+-------+-------++-------
Melee: Spear             |    74 |    22 |       |       |   138 |   700 |   301 |       ||  1235
       Bite              |    11 |    12 |    15 |    66 |   127 |   124 |   117 |   164 ||   636
       Trident           |       |   165 |   296 |   660 |   506 |    24 |       |       ||  1651
       Punch             |       |     2 |     4 |    34 |     2 |       |       |       ||    42
       Quarterstaff      |       |       |       |       |   192 |       |       |       ||   192
       Dagger            |       |       |       |       |       |    20 |       |       ||    20
       Broad axe         |       |       |       |       |       |    10 |   440 |   697 ||  1147
       Eveningstar       |       |       |       |       |       |    77 |       |       ||    77
       Rapier            |       |       |       |       |       |       |       |     1 ||     1
Throw: Stone             |    12 |       |       |    60 |    94 |     5 |       |       ||   171
       Boomerang         |    21 |    77 |   113 |   204 |   184 |   122 |   476 |   140 ||  1337
       Dart              |       |       |       |     1 |    48 |    88 |     2 |       ||   139
       Throwing net      |       |       |       |     1 |       |       |       |       ||     1
       Javelin           |       |       |       |       |     9 |    28 |    20 |    23 ||    80
 Cast: Kiss of Death     |     1 |     2 |       |       |       |       |       |       ||     3
       Hailstorm         |       |       |       |    20 |    14 |    33 |    14 |     2 ||    83
       Wereblood         |       |       |       |    11 |    16 |     4 |     4 |     2 ||    37
       Frozen Ramparts   |       |       |       |    20 |    50 |    47 |    21 |    21 ||   159
       Necrotise         |       |       |       |       |    11 |     7 |     4 |       ||    22
       Summon Lightning  |       |       |       |       |     1 |    98 |    30 |    10 ||   139
       Tukima's Dance    |       |       |       |       |     1 |     6 |    12 |    13 ||    32
       Borgnjor's Vile C |       |       |       |       |       |    35 |    44 |    35 ||   114
       Summon Mana Viper |       |       |       |       |       |    27 |    10 |     3 ||    40
       Yara's Violent Un |       |       |       |       |       |    17 |    23 |    21 ||    61
       Freezing Cloud    |       |       |       |       |       |       |    34 |    19 ||    53
       Apportation       |       |       |       |       |       |       |    16 |       ||    16
 Abil: Evoke Blink       |       |       |       |       |       |     2 |     9 |       ||    11
Evoke: Phantom mirror    |       |       |       |       |     4 |     2 |     3 |     2 ||    11
       Wand              |       |       |       |       |     8 |    44 |    72 |     3 ||   127
       Condenser vane    |       |       |       |       |       |     4 |     6 |     3 ||    13
       Lightning rod     |       |       |       |       |       |       |    15 |     9 ||    24
       Box of beasts     |       |       |       |       |       |       |     6 |     2 ||     8
       Tin of tremorston |       |       |       |       |       |       |       |    10 ||    10
  Use: Potion            |     5 |       |     2 |     1 |     1 |     2 |     9 |     2 ||    22
       Scroll            |       |     5 |    10 |     4 |     8 |     3 |    14 |     3 ||    47
 Stab: Distracted        |       |     1 |     2 |     6 |    12 |    17 |    26 |    22 ||    86
       Sleeping          |       |     1 |       |       |     9 |     7 |    12 |    20 ||    49
       Invisible         |       |       |       |       |       |       |     2 |       ||     2
Armor: Leather armour    |    10 |    60 |     2 |       |       |       |       |       ||    72
       Skin              |     2 |     1 |       |       |       |       |       |       ||     3
       Scale mail        |       |       |    80 |    40 |       |       |       |       ||   120
       Ring mail         |       |       |       |    88 |   131 |   126 |   122 |   152 ||   619
Dodge: Dodged            |    32 |    75 |   164 |   270 |   244 |   204 |   387 |   469 ||  1845
Block: Other             |       |    19 |    67 |   200 |    91 |       |       |       ||   377
       Reflection        |       |       |     1 |    13 |    19 |    41 |   152 |    36 ||   262
       Buckler           |       |       |       |       |   321 |   197 |       |       ||   518
       Kite shield       |       |       |       |       |       |   286 |   832 |   791 ||  1909

Table legend: (Time is in decaauts)
 A = Elapsed time spent in this place.
 B = Non-inter-level travel time spent in this place.
 C = Inter-level travel time spent in this place.
 D = Time resting spent in this place.
 E = Time spent auto-exploring this place.
 F = Levels seen in this place.
 G = Mean time per level.
                   A        B        C        D        E       F      G
               +--------+--------+--------+--------+--------+-----+--------+
         Total |  62831 |  56667 |   6164 |  14347 |  29095 |  46 | 1365.9 |
       Dungeon |  20337 |  18057 |   2280 |   3489 |  11130 |  15 | 1355.8 |
        Temple |    138 |     77 |     61 |      0 |      0 |   1 |  138.0 |
          Lair |   7664 |   6556 |   1108 |    815 |   4278 |   5 | 1532.8 |
        Shoals |   6184 |   5651 |    533 |   1525 |   2790 |   4 | 1546.0 |
     Snake Pit |   4085 |   3790 |    295 |    808 |   1864 |   4 | 1021.2 |
  Orcish Mines |   2143 |   1700 |    443 |    189 |   1037 |   2 | 1071.5 |
   Elven Halls |   7538 |   7000 |    538 |   3330 |   1737 |   3 | 2512.7 |
        Vaults |   7007 |   6320 |    687 |   1213 |   4017 |   4 | 1751.8 |
         Crypt |   4282 |   4066 |    216 |   1569 |   1707 |   3 | 1427.3 |
         Abyss |    789 |    789 |      0 |    303 |      0 |   2 |  394.5 |
        Bazaar |    156 |    156 |      0 |      0 |     60 |   1 |  156.0 |
       Ossuary |    436 |    436 |      0 |    164 |    145 |   1 |  436.0 |
      Ice Cave |   2067 |   2067 |      0 |    940 |    329 |   1 | 2067.0 |
               +--------+--------+--------+--------+--------+-----+--------+

Top non-repeatable levels by time:
   Elf:3: 2883 daAuts
   Elf:1: 2777 daAuts
    D:14: 2372 daAuts
     D:5: 2318 daAuts
   IceCv: 2067 daAuts
Shoals:1: 2065 daAuts
 Crypt:1: 1996 daAuts
 Crypt:2: 1878 daAuts
   Elf:2: 1876 daAuts
Vaults:4: 1808 daAuts
  Lair:3: 1808 daAuts
Vaults:2: 1771 daAuts
  Lair:1: 1739 daAuts
     D:9: 1728 daAuts
Vaults:3: 1717 daAuts
